Map: Cerulean Fall LE

Players

Zest - Winner!

  • Race: Protoss Protoss
  • League: Master
  • Spawn Location: 7:00

SortOf

  • Race: Zerg Zerg
  • League: Master
  • Spawn Location: 1:00

Event: HomeStory Cup XVIII

VOD

Have the link to the VOD?

Description

Time

  • Played on: Nov. 23, 2018, 1:19 p.m.
  • Length: 6:51

All games in this series

Show
View Real Time Build Order
Export as new Build Order

Zest Protoss - Winner!

Build Orders: 1 Gate Expand, Oracle Opening, Zealot Archon, Archon Drop 

Get SALT Encoding   

  12  0:00  Probe  
  13  0:13  Probe  
  14  0:18  Pylon  
  14  0:24  Probe  
  15  0:32  Probe  
  15  0:39  Gateway  
  15  0:40  Probe  
  16  0:49  Assimilator  
  17  0:51  Probe  
  18  1:03  Probe  
  19  1:15  Probe  
  20  1:25  Cybernetics Core  
  20  1:35  Nexus  
  20  1:38  Probe  
  21  1:45  Pylon  
  21  1:50  Probe  
  21  1:53  Assimilator  
  22  1:54  Adept  
  22  2:03  Probe  
  25  2:12  Adept  
  25  2:15  Probe  
  28  2:27  Probe  
  28  2:29  Stargate  
  29  2:39  Probe  
  30  2:47  Stalker  
  33  2:51  Probe  
  33  2:52  Probe  
  33  2:55  Warp Gate  
  34  3:03  Probe  
  34  3:04  Probe  
  36  3:06  Oracle  
  36  3:10  Zealot  
  36  3:15  Probe  
  36  3:16  Probe  
  39  3:27  Pylon, Probe  
  39  3:28  Probe  
  39  3:29  Shield Battery  
  39  3:32  Pylon  
  41  3:34  Oracle  
  41  3:39  Probe  
  42  3:43  Probe  
  42  3:45  Assimilator  
  42  3:47  Assimilator  
  46  3:51  Probe  
  46  3:55  Probe  
  48  4:01  Robotics Facility  
  48  4:04  Probe  
  48  4:07  Probe  
  48  4:08  Pylon  
  50  4:16  Twilight Council, Probe  
  51  4:19  Probe  
  52  4:28  Probe  
  52  4:30  Gateway  
  53  4:31  Probe  
  53  4:32  Gateway  
  53  4:33  Charge  
  53  4:34  Gateway  
  53  4:37  Warp Prism  
  56  4:53  Templar Archives  
  56  4:59  Gateway  
  56  5:01  Gateway  
  56  5:04  Pylon  
  56  5:08  Adept  
  58  5:24  Probe x2  
  58  5:26  Pylon  
  60  5:33  High Templar  
  60  5:34  High Templar x2  
  66  5:36  Pylon  
  66  5:38  Nexus  
  66  5:42  Pylon, High Templar  
  68  5:45  Archon  
  68  5:46  Archon  
  68  5:56  Zealot x2  
  72  5:59  Pylon  
  72  6:17  Zealot  
  72  6:18  Zealot x5  
  84  6:19  Probe  
  84  6:20  Probe  
  86  6:37  Zealot  
  86  6:38  Zealot x5  
Show
View Real Time Build Order
Export as new Build Order

SortOf Zerg 

Build Orders: Hatch First 

Get SALT Encoding   

  12  0:00  Drone  
  13  0:13  Overlord  
  13  0:17  Drone  
  14  0:31  Drone  
  14  0:32  Drone  
  16  0:50  Drone x2  
  18  0:58  Hatchery  
  18  0:59  Drone  
  18  1:06  Extractor  
  17  1:14  Spawning Pool  
  17  1:17  Drone  
  17  1:21  Drone  
  18  1:29  Drone  
  19  1:41  Drone  
  20  1:48  Hatchery  
  20  1:50  Drone  
  20  2:03  Zergling x2  
  21  2:11  Queen  
  21  2:14  Queen  
  25  2:21  Overlord  
  25  2:27  Metabolic Boost  
  25  2:32  Zergling x2  
  25  2:34  Zergling x2  
  27  2:37  Zergling x2  
  27  2:41  Zergling x2  
  28  2:47  Zergling x4  
  28  2:50  Spore Crawler  
  29  2:54  Drone  
  29  2:58  Zergling x2  
  31  3:01  Queen  
  33  3:10  Drone  
  33  3:11  Drone  
  34  3:15  Drone  
  34  3:21  Drone x4  
  38  3:27  Drone x2  
  38  3:32  Drone  
  41  3:36  Spore Crawler  
  41  3:38  Spore Crawler  
  39  3:43  Overlord  
  39  3:45  Overlord  
  39  4:02  Drone x2  
  41  4:03  Evolution Chamber  
  41  4:04  Queen  
  41  4:05  Drone x3  
  41  4:07  Drone  
  47  4:10  Drone  
  47  4:14  Drone  
  47  4:16  Spore Crawler  
  47  4:19  Drone x2  
  47  4:22  Drone  
  50  4:39  Drone  
  50  4:43  Queen  
  50  4:44  Drone, Zerg Melee Weapons Level 1  
  50  4:46  Overlord  
  50  4:49  Overlord  
  50  4:52  Overlord  
  50  4:57  Overlord  
  50  5:05  Drone x8  
  58  5:11  Drone x3  
  61  5:19  Drone  
  62  5:22  Drone x8  
  62  5:24  Drone  
  71  5:29  Baneling Nest  
  71  5:32  Zergling x2  
  71  5:35  Zergling x8  
  74  5:38  Lair  
  74  5:40  Extractor x2  
  74  5:41  Extractor  
  71  5:43  Queen  
  73  5:54  Zergling x10  
  78  6:07  Zergling x16  
  78  6:13  Zergling x6  
  79  6:22  Zergling x4  
  79  6:25  Baneling x4  
  81  6:26  Overlord  
  81  6:30  Overlord x2  
  80  6:34  Spine Crawler  
  80  6:38  Spine Crawler  
  78  6:40  Hydralisk Den  
Tags
 
Add a new tag
Caveats
  • Supply blocks, unpowered buildings, or Contaminate may cause inaccurate times.
  • Supply counts are checked every 10 seconds.